 Dungeon Crawl Stone Soup version 0.30-a0-867-g305f33218d (webtiles) character file.

Game seed: 509824757261302151

2086 cforsyth the Thaumaturge (level 9, 0/45 HPs)
             Began as a Deep Elf Earth Elementalist on Mar 10, 2023.
             Was an Initiate of Vehumet.
             Slain by a hornet (2 damage)
             ... on level 7 of the Dungeon.
             The game lasted 00:11:34 (7004 turns).

cforsyth the Thaumaturge (DEEE)                     Turns: 7004, Time: 00:11:35

Health: 0/45       AC:  4    Str:  5    XL:     9   Next: 6%
Magic:  22/26      EV: 12    Int: 25    God:    Vehumet [......]
Gold:   258        SH:  0    Dex: 15    Spells: 29/30 levels left

rFire   . . .      SeeInvis .    (no weapon)
rCold   . . .      Faith    .    (no shield)
rNeg    . . .      Spirit   .    a - +0 robe
rPois   .          Reflect  .    n - +0 helmet
rElec   .          Rampage  .    (no cloak)
rCorr   .                        D - +0 pair of gloves
Will    .....                    (no boots)
Stlth   ++                       (no amulet)
HPRegen 0.27/turn                (no ring)
MPRegen 0.20/turn                (no ring)

@: slowed, very slow
A: no striking features
a: Renounce Religion


You were on level 7 of the Dungeon.
You worshipped Vehumet.
Vehumet was noncommittal.
You visited 2 branches of the dungeon, and saw 8 of its levels.

You collected 258 gold pieces.

Inventory:

Armour
 a - a +0 robe (worn)
 n - a +0 helmet (worn)
 D - a +0 pair of gloves (worn)
Jewellery
 f - a +5 ring of evasion
 l - a ring of flight
 w - a ring of see invisible
Wands
 q - a wand of digging (5)
 v - a wand of acid (6)
 C - a wand of mindburst (21)
 E - a wand of flame (13)
Scrolls
 c - a scroll of acquirement {unknown}
 g - 5 scrolls of teleportation
 j - a scroll of blinking
 k - a scroll of immolation {unknown}
 r - a scroll of silence {unknown}
 t - 3 scrolls of fear
 u - a scroll of enchant armour {unknown}
 x - a scroll of amnesia {unknown}
 y - a scroll of magic mapping {unknown}
 F - a scroll of fog {unknown}
Potions
 b - 2 potions of magic
 d - 2 potions of flight
 e - 5 potions of brilliance
 h - 3 potions of cancellation
 i - 3 potions of lignification
 m - a potion of attraction
 o - a potion of invisibility
 s - a potion of haste
 z - a potion of degeneration {unknown}
 B - a potion of heal wounds {unknown}


   Skills:
 - Level 2.4 Dodging
 - Level 2.4 Stealth
 + Level 11.3 Spellcasting
 - Level 1.1 Transmutations
 + Level 9.8 Earth Magic


You had 29 spell levels left.
You knew the following spells:

 Your Spells              Type           Power      Damage    Failure   Level
a - Sandblast             Erth           100%       2d20      1%          1

Your spell library contained the following spells:

 Spells                   Type           Power      Damage    Failure   Level
 Passwall                 Tmut/Erth      34%        N/A       1%          2
 Stone Arrow              Conj/Erth      76%        3d11      1%          3
 Shock                    Conj/Air       56%        1d6       4%          1
 Petrify                  Tmut/Erth      41%        N/A       4%          4
 Swiftness                Air            14%        N/A       13%         3
 Airstrike                Air            7%         2d(1-17)  38%         4


Dungeon Overview and Level Annotations

Branches:
Dungeon (7/15)             Temple (1/1) D:6

Altars:
Ashenzari
Cheibriados
Dithmenos
Elyvilon
Gozag
Kikubaaqudgha
Makhleb
Nemelex Xobeh
Okawaru
Qazlal
Sif Muna
Trog
Uskayaw
Vehumet
Wu Jian
Xom
Yredelemnul
Zin

Shops:
D:6 [[

Annotations:
D:2 1 runed translucent door, Crazy Yiuf
D:3 1 runed translucent door, jerryboi's ghost, weakling DECj


Message History

You can't see any susceptible monsters within range! (Use Z to cast anyway.)
A hornet comes into view.
A hornet is nearby!
A hornet is nearby!
A hornet is nearby!
The hornet buzzes angrily.
The blast of sand misses the hornet.
The blast of sand misses the hornet.
The hornet closely misses you. The hornet completely misses you.
The blast of sand hits the hornet!
The hornet is moderately wounded.
The hornet closely misses you. The hornet stings you.
You feel yourself slow down.
The blast of sand hits the hornet!
The hornet is severely wounded.
The hornet stings you!
You are poisoned.
You feel as though you will be slow longer.
The hornet stings you!
You feel as though you will be slow longer.
The hornet barely misses you.
You are too injured to fight recklessly!
You are too injured to fight recklessly!
Casting: Sandblast (safe; 1% risk of failure)
Confirm with . or Enter, or press ? or * to list all spells.
Aiming: Sandblast (safe; 1% risk of failure)
Press: ? - help, Shift-Dir - straight line, f/p - hornet
Aim: a hornet (severely wounded, 78% to hit)
The blast of sand misses the hornet.
You feel very sick.
The hornet stings you but does no damage.
The hornet misses you. The hornet stings you!
* * * LOW HITPOINT WARNING * * *
You are more poisoned.
You feel as though you will be slow longer.
It was a potion of curing.
You feel better. The hornet stings you!
* * * LOW HITPOINT WARNING * * *
You feel as though you will be slow longer.
The hornet barely misses you. The hornet stings you.
You die...

.## #..........# ..#
#.........## #.##
##.........# #..##
#.........##
##..###........## ..
##..##.......## ...
##.#.)......# #....
#.........#####....#
##.......####@y).#
##.....###....###
#...###....###
##........###
##..#####..# ##..##
#...# ##..## ##..#
##..## ##..# ...##
#..#


You could see a hornet.

Vanquished Creatures
  A hornet (D:7)
  Sigmund (D:2)
  A sky beast (D:6)
  A black bear (D:4)
  5 ogres (D:5)
  A centaur (D:5)
  A phantom (D:5)
  3 scorpions
  2 jellies
  2 hounds
  7 orc priests
  3 iguanas
  5 orc wizards
  Natasha (D:4)
  Ijyb (D:5)
  Robin (D:3)
  5 adders
  A shadow imp (D:7)
  An ufetubus (D:6)
  A worm (D:2)
  3 dart slugs
  24 orcs
  10 ball pythons
  5 endoplasms
  19 goblins
  19 hobgoblins
  3 jackals (D:4)
  7 quokkas
  17 bats
  3 frilled lizards
  2 kobolds
  7 rats
163 creatures vanquished.

Notes
Turn   | Place    | Note
-------+----------+-------------------------------------------
     0 | D:1      | cforsyth the Deep Elf Earth Elementalist began the quest
                  | for the Orb.
     0 | D:1      | Reached XP level 1. HP: 10/10 MP: 6/6
   127 | D:1      | Reached XP level 2. HP: 15/15 MP: 3/8
   729 | D:1      | Reached skill level 4 in Spellcasting
  1142 | D:2      | Reached XP level 3. HP: 19/19 MP: 6/10
  1681 | D:2      | Noticed Sigmund
  1689 | D:2      | Killed Sigmund
  1690 | D:2      | Reached skill level 6 in Spellcasting
  1690 | D:2      | Reached skill level 5 in Earth Magic
  1690 | D:2      | Reached XP level 4. HP: 24/24 MP: 4/14
  1690 | D:2      | Reached XP level 5. HP: 28/28 MP: 4/15
  1885 | D:2      | Found a runed translucent door.
  1886 | D:2      | Noticed Crazy Yiuf
  2345 | D:3      | Noticed Robin
  2349 | D:3      | Killed Robin
  2479 | D:3      | Reached XP level 6. HP: 24/32 MP: 12/17
  2805 | D:3      | Found a runed translucent door.
  2807 | D:3      | Noticed jerryboi's ghost (weakling DECj)
  2927 | D:3      | Reached skill level 7 in Spellcasting
  3448 | D:4      | Found a stormy altar of Qazlal.
  3464 | D:4      | Found a shadowy altar of Dithmenos.
  3896 | D:4      | Reached XP level 7. HP: 19/36 MP: 13/20
  4235 | D:4      | Noticed Natasha
  4239 | D:4      | Killed Natasha
  4243 | D:4      | Reached skill level 8 in Spellcasting
  4310 | D:4      | Found an opulent altar of Gozag.
  4443 | D:5      | Entered Level 5 of the Dungeon
  4529 | D:5      | Reached skill level 9 in Spellcasting
  4560 | D:5      | Found the +6 shillelagh "Devastator" {shatter}
  4566 | D:5      | Noticed Ijyb
  4570 | D:5      | Killed Ijyb
  4673 | D:5      | Reached XP level 8. HP: 41/41 MP: 20/23
  5128 | D:5      | Reached skill level 10 in Spellcasting
  5570 | D:6      | Found Osaocy's Antique Armour Boutique.
  5674 | D:6      | Found Siegfried's Dragon-Slaying Spoils.
  5908 | D:6      | Found a staircase to the Ecumenical Temple.
  6218 | D:6      | Reached skill level 11 in Spellcasting
  6514 | Temple   | Entered the Ecumenical Temple
  6521 | Temple   | Became a worshipper of Vehumet
  6562 | D:7      | Noticed a hornet
  6565 | D:7      | Killed a hornet
  6566 | D:7      | Reached XP level 9. HP: 45/45 MP: 24/26
  7003 | D:7      | HP: 1/45 [hornet (12)]
  7004 | D:7      | Slain by a hornet

Illustrated notes

Levels and vault maps discovered:
D:1:      evilmike_arrival_home_sweet_home, layout_basic
D:2:      minmay_chambers_of_twos, layout_loops_ring, uniq_crazy_yiuf_cottage,
          uniq_sigmund
D:3:      layout_loops_cross, ebering_ghost_reflecting_pool, minivault_24,
          hangedman_abyss_or_decor_lesser_grid, uniq_robin
D:4:      minmay_diamond_boxcup, layout_basic, mainiacjoe_overflow_tiny_flanked,
          mainiacjoe_overflow_swirl, amcnicky_mini_rare_corridor_liquid,
          chequers_avenue, uniq_natasha
D:5:      layout_gridville, dilly_guarded_unrand_devastator, uniq_ijyb
D:6:      layout_basic, minmay_temple_entry_enclosed_plants, serial_shops,
          nicolae_shop_hallway_plus, hex_intersection, kennysheep_crisscross,
          nicolae_shop_dragon_depot
D:7:      layout_cave_pods, minitemple, kennysheep_generic_room_4
Temple:   nicolae_temple_no_exploring_needed

Skill      XL: |  1  2  3  4  5  6  7  8 |
---------------+-------------------------+-----
Spellcasting   | 4 6 7 9 11 | 11.3
Earth Magic    | 4 5 6 7 9 |  9.8
Dodging        | |  2.4
Stealth        | |  2.4
Transmutations | |  1.1

Action                     |  1- 3 |  4- 6 |  7- 9 || total
---------------------------+-------+-------+-------++-------
   Cast: Sandblast         |    67 |    90 |    82 ||   239
  Evoke: Wand              |       |       |     2 ||     2
    Use: Scroll            |       |       |    11 ||    11
         Potion            |       |       |     1 ||     1
 Armour: Robe              |     3 |     5 |     4 ||    12
  Dodge: Dodged            |    18 |    21 |    20 ||    59

Table legend: (Time is in decaauts)
 A = Elapsed time spent in this place.
 B = Non-inter-level travel time spent in this place.
 C = Inter-level travel time spent in this place.
 D = Time resting spent in this place.
 E = Time spent auto-exploring this place.
 F = Levels seen in this place.
 G = Mean time per level.
                   A        B        C        D        E       F      G
               +--------+--------+--------+--------+--------+-----+--------+
         Total |   7126 |   6782 |    344 |    227 |   5748 |   8 |  890.8 |
       Dungeon |   7111 |   6775 |    336 |    227 |   5748 |   7 | 1015.9 |
        Temple |     14 |      7 |      7 |      0 |      0 |   1 |   14.0 |
               +--------+--------+--------+--------+--------+-----+--------+

Top non-repeatable levels by time:
     D:4: 1247 daAuts
     D:1: 1144 daAuts
     D:5: 1095 daAuts
     D:2: 1081 daAuts
     D:3: 1055 daAuts
     D:6: 1053 daAuts
     D:7: 435 daAuts
  Temple: 14 daAuts
